 Dungeon Crawl Stone Soup version 0.19-a0-1532-g228a5d9 (webtiles) character file.

28 Amnesiac the Insei (level 2, 0/24 HPs)
             Began as a Mummy Monk on Sept 13, 2016.
             Slain by a jackal (3 damage)
             ... on level 2 of the Dungeon.
             The game lasted 00:00:59 (862 turns).

Amnesiac the Insei (Mummy Monk)                      Turns: 862, Time: 00:01:00

Health: 0/24       AC:  0    Str: 14    XL:     2   Next: 96%
Magic:  2/2        EV: 13    Int:  9    God:
Gold:   66         SH:  0    Dex: 14    Spells: 0 memorised, 1 level left

rFire  x . .     SeeInvis .       - Unarmed
rCold  + . .     Gourm    .     (no armour)
rNeg   + + +     Faith    .     (no shield)
rPois  ∞         Spirit   .     (no helmet)
rElec  .         Dismiss  .     (no cloak)
rCorr  .         Reflect  .     (no gloves)
MR     .....     Harm     .     (no boots)
Stlth  ++........               (no amulet)
                                (no ring)
                                (no ring)

@: no status effects
A: no food or potions, fire vulnerability, cold resistance 1, negative energy
resistance 3, torment resistance, unbreathing
a: no special abilities


You were on level 2 of the Dungeon.
You were not hungry.

You visited 1 branch of the dungeon, and saw 2 of its levels.

You collected 66 gold pieces.

Inventory:

Scrolls
 a - a scroll of magic mapping {unknown}
 b - a scroll of recharging {unknown}
 c - a scroll of teleportation {unknown}


   Skills:
 - Level 3.0 Fighting
 - Level 2.4 Dodging
 - Level 1.5 Stealth
 + Level 3.4 Unarmed Combat


You had one spell level left.
You didn't know any spells.

Dungeon Overview and Level Annotations

Branches:
Dungeon (2/15)

Altars:
Nemelex Xobeh


Innate Abilities, Weirdness & Mutations

You do not eat or drink.
Your flesh is vulnerable to fire.
You are immune to poison.
Your flesh is cold resistant. (rC+)
You are immune to negative energy. (rN+++)
You are immune to unholy pain and torment.
You can survive without breathing.


Message History

You hit the jackal but do no damage.
The jackal is severely wounded.
You hit the jackal but do no damage. The jackal completely misses you.
You closely miss the jackal.
The jackal is severely wounded.
The jackal bites you. The jackal misses you.
You hit the jackal.
You kill the jackal!
The jackal bites you. The jackal barely misses you. The jackal bites you. x2
The jackal barely misses you.
You hit the jackal but do no damage. The jackal bites you. x3
* * * LOW HITPOINT WARNING * * *
You are too injured to fight recklessly!
You are too injured to fight recklessly!
The jackal bites you.
* * * LOW HITPOINT WARNING * * *
The jackal barely misses you.
You see here a jackal corpse.
The jackal bites you.
You die...

### #.##...##.##### ##
...##. ##.###.# #
....#.###..##.# #
......###.##.# #
#..#..###.##.# #.
##..#.........# #.( #
#...##!###.#.## #...
#...#.#.##.###....# #....
......rhh@..>....... +....
#...#.#.##.###....####....
# ........# #.#.## ##...
###.###### #.### #. .# #


You could see 2 jackals and a rat.

Vanquished Creatures
  A giant gecko (D:1)
  A ball python (D:1)
  4 giant cockroaches (D:1)
  3 goblins (D:1)
  2 hobgoblins
  A jackal (D:2)
  2 bats (D:1)
  3 giant newts
  3 kobolds (D:1)
  5 rats (D:1)
25 creatures vanquished.

Notes
Turn   | Place    | Note
-------+----------+-------------------------------------------
     0 | D:1      | Amnesiac the Mummy Monk began the quest for the Orb.
     0 | D:1      | Reached XP level 1. HP: 18/18 MP: 1/1
     2 | D:1      | Noticed a troll
     2 | D:1      | Noticed a merfolk
     4 | D:1      | Noticed an elf
     4 | D:1      | Noticed a naga
     6 | D:1      | Noticed a draconian
     8 | D:1      | Noticed a spriggan
     8 | D:1      | Noticed a demonspawn
    10 | D:1      | Noticed a ghoul
    10 | D:1      | Noticed a human
    12 | D:1      | Noticed an ogre
    12 | D:1      | Noticed an octopode
    14 | D:1      | Noticed a tengu
    16 | D:1      | Noticed a formicid
    18 | D:1      | Noticed a vampire
    18 | D:1      | Noticed a demigod
    20 | D:1      | Noticed a minotaur
    20 | D:1      | Noticed a dwarf
    22 | D:1      | Noticed a felid
    24 | D:1      | Noticed a vine stalker
    24 | D:1      | Noticed a centaur
    26 | D:1      | Noticed a halfling
    26 | D:1      | Noticed a gargoyle
    31 | D:1      | Found a sparkling altar of Nemelex Xobeh.
   199 | D:1      | Reached XP level 2. HP: 18/24 MP: 2/2
   862 | D:2      | Slain by a jackal

Vault maps used:
D:1:      kb_arrival_jail, nemelex_xobeh_ov_fountains_minmay
D:2:      corexii_leaking_fountain, minmay_split_cup_small

Skill      XL: |  1  2 |
---------------+-------+-----
Unarmed Combat | 3 |  3.4
Fighting       | |  3.0
Dodging        | |  2.4
Stealth        | |  1.5

Action                   || total
-------------------------++-------
Melee: Unarmed           ||    78
       Punch             ||     2
 Stab: Sleeping          ||     4
Armor: Robe              ||    14
Dodge: Dodged            ||    65
